 Dungeon Crawl Stone Soup version 0.23.1 (webtiles) character file.

Game seed: 16304858783532026349

853 Edgeworth the Chopper (level 7, -1/64 HPs)
             Began as a Deep Dwarf Fighter on Mar 7, 2019.
             Splashed by a jelly's acid (3 damage)
             ... on level 5 of the Dungeon.
             The game lasted 00:06:25 (3083 turns).

Edgeworth the Chopper (Deep Dwarf Fighter)          Turns: 3083, Time: 00:06:26

Health: -1/64      AC:  4    Str: 22    XL:     7   Next: 70%
Magic:  5/5        EV:  7    Int:  8    God:
Gold:   230        SH: 10    Dex: 12    Spells: 6/6 levels left

rFire    + . .     SeeInvis .   a - +0 war axe
rCold    . . .     Gourm    .   c - +0 shield
rNeg     . . .     Faith    .   z - +0 chain mail
rPois    .         Spirit   .   (no helmet)
rElec    .         Reflect  .   B - +0 cloak
rCorr    .         Harm     .   (no gloves)
MR       +....                  u - +0 pair of boots (curse)
Stlth    ..........             (no amulet)
HPRegen  0.00/turn              w - ring of protection from fire
MPRegen  0.09/turn              (no ring)

@: corroded, non-regenerating
A: damage resistance, heal wounds, sense surroundings 1, no regeneration
a: Heal Wounds


You were on level 5 of the Dungeon.
You were not hungry.

You visited 1 branch of the dungeon, and saw 5 of its levels.

You collected 230 gold pieces.

Inventory:

Hand Weapons
 a - a +0 war axe (weapon)
 C - a +4 quarterstaff of chaos
Armour
 b - a +0 scale mail
 c - a +0 shield (worn)
 u - a cursed +0 pair of boots (worn)
 z - a +0 chain mail (worn)
 B - a +0 cloak (worn)
Jewellery
 w - a ring of protection from fire (left hand)
Wands
 g - a wand of polymorph (9)
 y - a wand of disintegration (9)
Scrolls
 h - 7 scrolls of teleportation
 i - 2 scrolls of immolation {unknown}
 j - a scroll of magic mapping {unknown}
 k - 6 scrolls of remove curse
 n - 3 scrolls of identify {unknown}
 q - a scroll of noise {unknown}
 r - 2 scrolls of enchant weapon {unknown}
 t - a scroll of enchant armour {unknown}
Potions
 d - a potion of ambrosia {unknown}
 e - a potion of resistance {unknown}
 l - a potion of lignification {unknown}
 m - a potion of cancellation {unknown}
 o - a potion of heal wounds {unknown}
 p - a potion of flight {unknown}
 s - 2 potions of curing {unknown}
 v - a potion of brilliance {unknown}
 x - a potion of haste {unknown}
Comestibles
 f - 8 rations
 A - 2 chunks of flesh


   Skills:
 + Level 4.0 Fighting
 + Level 6.6 Axes
 + Level 5.0 Armour
 + Level 2.3 Dodging
 + Level 5.1 Shields


You had 6 spell levels left.
You didn't know any spells.
Your spell library was empty.

Dungeon Overview and Level Annotations

Branches:
Dungeon (5/15)
 Temple: D:4-7

Altars:
Fedhas


Innate Abilities, Weirdness & Mutations

You are resistant to damage.
You can heal yourself by infusing magical energy.
You passively map a small area around you.
You do not regenerate.


Message History

The phantom is severely damaged.
You block the phantom's attack.
You slash the phantom!
You destroy the phantom!
Your Armour skill increases to level 5!
The jelly hits you but does no damage.
You hit the jelly but do no damage. The acid corrodes you!
Your hands burn!
* * * LOW HITPOINT WARNING * * *
The jelly hits you.
You are splashed with acid.
* * * LOW HITPOINT WARNING * * *
You slash the jelly! The acid corrodes you!
Your hands burn!
* * * LOW HITPOINT WARNING * * *
The jelly is heavily wounded.
You block the jelly's attack.
You hit the jelly but do no damage.
Your hands burn!
* * * LOW HITPOINT WARNING * * *
The jelly is heavily wounded.
The jelly hits you but does no damage. x2
You hit the jelly but do no damage.
Your hands burn!
You die...

* * ..#. ...# ,,
##) ... *
...##..## ,
#.... ..##
#.#.##..#####
#...........##
##..J@......##
##............#
#.......>.....#
#..$[.........##
#.......<.......
#......##...###.
#.....## #### *
######


You could see a jelly.

Vanquished Creatures
  Sigmund (D:3)
  A phantom (D:5)
  2 ogres (D:4)
  Blork the orc (D:4)
  A howler monkey (D:4)
  A hound (D:4)
  Crazy Yiuf (D:4)
  Ijyb (D:4)
  3 worker ants (D:4)
  3 gnolls (D:4)
  5 adders
  An ooze (D:3)
  2 worms (D:4)
  2 dart slugs (D:1)
  5 leopard geckos
  9 orcs (D:4)
  5 giant cockroaches
  5 goblins
  6 hobgoblins
  7 jackals
  4 quokkas
  2 ball pythons
  5 bats
  8 frilled lizards
  6 kobolds
  4 rats (D:2)
91 creatures vanquished.

Notes
Turn   | Place    | Note
-------+----------+-------------------------------------------
     0 | D:1      | Edgeworth the Deep Dwarf Fighter began the quest for the
                  | Orb.
     0 | D:1      | Reached XP level 1. HP: 20/20 MP: 1/1
   164 | D:1      | Reached XP level 2. HP: 24/27 MP: 2/2
   598 | D:2      | Reached XP level 3. HP: 19/34 MP: 3/3
  1059 | D:2      | Reached skill level 3 in Axes
  1274 | D:2      | Reached XP level 4. HP: 37/42 MP: 4/4
  2042 | D:3      | Found a blossoming altar of Fedhas.
  2077 | D:3      | Noticed Sigmund
  2099 | D:3      | Killed Sigmund
  2099 | D:3      | Reached skill level 4 in Axes
  2099 | D:3      | Reached skill level 1 in Dodging
  2099 | D:3      | Reached XP level 5. HP: 21/49 MP: 5/5
  2099 | D:3      | Reached XP level 6. HP: 24/56 MP: 6/6
  2348 | D:4      | Noticed Blork the orc
  2356 | D:4      | Reached skill level 5 in Axes
  2367 | D:4      | Killed Blork the orc
  2389 | D:4      | Reached XP level 7. HP: 10/63 MP: 6/6
  2543 | D:4      | Reached skill level 6 in Axes
  2548 | D:4      | Reached skill level 5 in Shields
  2616 | D:4      | Noticed Ijyb
  2645 | D:4      | Killed Ijyb
  2865 | D:4      | Found a runed translucent door.
  2866 | D:4      | Noticed Crazy Yiuf
  3004 | D:4      | Killed Crazy Yiuf
  3060 | D:5      | Entered Level 5 of the Dungeon
  3076 | D:5      | Reached skill level 5 in Armour
  3082 | D:5      | HP: 2/64 [acid (3)]
  3083 | D:5      | Splashed by a jelly's acid

Skill      XL: |  1  2  3  4  5  6  7 |
---------------+----------------------+-----
Fighting       | 3 4 |  4.0
Axes           | 3 4 5 6 |  6.6
Armour         | 4 5 |  5.0
Shields        | 4 5 |  5.1
Dodging        | 1 2 |  2.3

Action                   |  1- 3 |  4- 6 |  7- 9 || total
-------------------------+-------+-------+-------++-------
Melee: War axe           |   128 |   118 |   105 ||   351
 Abil: Heal Wounds       |     1 |     1 |     3 ||     5
  Use: Scroll            |     2 |       |       ||     2
       Potion            |       |     1 |       ||     1
  Eat: Chunk             |       |     5 |     3 ||     8
Armor: Scale mail        |    69 |    45 |    29 ||   143
       Chain mail        |       |       |    11 ||    11
Dodge: Dodged            |    36 |    61 |    26 ||   123
Block: Shield            |    61 |    93 |    37 ||   191
